 Dungeon Crawl Stone Soup version 0.21.1-1-g345015f (webtiles) character file.

61 letownia2 the Chopper (level 3, 0/33 HPs)
             Began as a Deep Dwarf Fighter on Feb 13, 2018.
             Slain by a phantom (4 damage)
             ... on level 4 of the Dungeon.
             The game lasted 00:04:18 (697 turns).

letownia2 the Chopper (Deep Dwarf Fighter)           Turns: 697, Time: 00:04:19

Health: 0/33       AC:  8    Str: 20    XL:     3   Next: 83%
Magic:  3/3        EV:  7    Int:  8    God:
Gold:   65         SH:  8    Dex: 12    Spells: 2/2 levels left

rFire    . . .     SeeInvis .   a - +1 hand axe (drain)
rCold    . . .     Gourm    .   c - +0 shield
rNeg     . . .     Faith    .   b - +0 scale mail
rPois    .         Spirit   .   l - +0 helmet
rElec    .         Reflect  .   (no cloak)
rCorr    .         Harm     .   (no gloves)
MR       .....                  t - +0 pair of boots (curse)
Stlth    ..........             (no amulet)
HPRegen  0.00/turn              (no ring)
MPRegen  0.08/turn              (no ring)

@: non-regenerating, heavily drained
A: damage resistance, heal wounds, sense surroundings 1, no regeneration
a: Heal Wounds


You were on level 4 of the Dungeon.
You were not hungry.

You visited 1 branch of the dungeon, and saw 4 of its levels.

You collected 65 gold pieces.

Inventory:

Hand Weapons
 a - a +1 hand axe of draining (weapon)
 m - a +0 hunting sling
 o - a +0 war axe
Armour
 b - a +0 scale mail (worn)
 c - a +0 shield (worn)
 l - a +0 helmet (worn)
 t - a cursed +0 pair of boots (worn)
Wands
 q - a wand of enslavement (5)
Scrolls
 g - 2 scrolls of teleportation {unknown}
 j - 2 scrolls of amnesia {unknown}
 k - 2 scrolls of identify {unknown}
 r - a scroll of fog {unknown}
 s - a scroll of remove curse {unknown}
Potions
 d - 2 potions of might
 e - a potion of curing {unknown}
 h - a potion of flight {unknown}
 i - a potion of haste {unknown}
 n - a potion of lignification {unknown}
 p - a potion of brilliance {unknown}
 u - a potion of degeneration {unknown}
Comestibles
 f - 2 rations


   Skills:
 - Level 2.6(1.4) Fighting
 + Level 4.4(3.1) Axes
 - Level 3.6(2.3) Armour
 - Level 3.2(2.0) Shields


You had 2 spell levels left.
You didn't know any spells.

Dungeon Overview and Level Annotations

Branches:
Dungeon (4/15)
 Temple: D:4-7

Altars:

Annotations:
D:3 teukkam's ghost, weakling GnWn
D:4 Grinder


Innate Abilities, Weirdness & Mutations

You are resistant to damage.
You can heal yourself by infusing magical energy.
You passively map a small area around you.
You do not regenerate.


Message History

The phantom hits you but does no damage.
Unknown command.
You closely miss the phantom.
The phantom is almost destroyed.
The phantom blinks!
Unknown command.
Unknown command.
You hit the phantom but do no damage.
The phantom is almost destroyed.
The phantom blinks!
Unknown command.
Unknown command.
You closely miss the phantom.
The phantom is almost destroyed.
The phantom hits you.
Unknown command.
You hit the phantom.
The phantom is almost destroyed.
The phantom hits you.
You die...

* #.# # .. , , #.#
#.####. * #.# #......
, *, #.#.#......
###### #.#...(.... *
#..W.####.########. ,
*,#.##.#.............
* #....#.##.#########
#.@#†#.##(# , ..
#.W#......# * #.
#..#.#.#### #. *
#..#.#.# #.
*,####.#.#** #.# ,
..#.., ,#.###..
#####* #.....)
#.####. , ,#.#.##.


You could see a phantom.

Vanquished Creatures
  A worker ant (D:4)
  An adder (D:4)
  A leopard gecko (D:4)
  2 orcs (D:4)
  6 giant cockroaches
  2 goblins
  A hobgoblin (D:3)
  4 jackals (D:4)
  A bat (D:3)
  3 frilled lizards
  2 kobolds
24 creatures vanquished.

Notes
Turn   | Place    | Note
-------+----------+-------------------------------------------
     0 | D:1      | letownia2 the Deep Dwarf Fighter began the quest for the Orb.
     0 | D:1      | Reached XP level 1. HP: 20/20 MP: 1/1
   102 | D:1      | Reached skill level 3 in Axes
   130 | D:1      | Reached XP level 2. HP: 18/27 MP: 2/2
   432 | D:4      | Reached XP level 3. HP: 13/33 MP: 3/3
   448 | D:4      | Noticed a phantom
   536 | D:4      | Reached skill level 4 in Axes
   564 | D:4      | Noticed Grinder
   586 | D:3      | Noticed teukkam's ghost (weakling GnWn)
   655 | D:4      | Noticed a phantom
   697 | D:4      | Slain by a phantom

Skill      XL: |  1  2  3 |
---------------+----------+-----
Axes           | 3 4 |  4.4
Fighting       | |  2.6
Armour         | |  3.6
Shields        | |  3.2

Action                   || total
-------------------------++-------
Melee: War axe           ||    97
       Hand axe          ||    47
Evoke: Wand              ||     2
Armor: Scale mail        ||    70
Dodge: Dodged            ||    50
Block: Shield            ||    44
